AoeStats
← IIErich

Arabian Desert

510194538Analyzed
1v1 RM · 2d ago on Sep 29, 2026· 44m 32s· 2 players
Game mode
Random Map
Map size
Tiny (2 player)
Population
200
Speed
Normal
Resources
Standard
Victory
Conquest
Starting age
Dark Age
Ending age
Imperial Age
RankedLock teamsTeams togetherTeam positionsShared explorationLock speedFull tech treeHidden civsTurbo modeCheats
Victory
Defeat
🇧🇷 Portuguese · Brazil
642
+17
🇧🇷 Teutons · Brazil
667
-17
IIErich
9:08 Loom
11:12 Feudal Age
14:09 Double-Bit Axe
19:16 Bloodlines
20:07 Horse Collar
24:34 Castle Age
24:14 Wheelbarrow
23:39 Gold Mining
23:40 Stone Mining
25:01 Scale Barding Armor
25:51 Bow Saw
25:21 Light Cavalry
29:09 Chain Barding Armor
31:16 Hand Cart
38:22 Imperial Age
36:19 Forging
36:03 Town Watch
40:05 Sanctity
40:29 Cavalier
42:10 Plate Barding Armor
42:19 Iron Casting
marcosjesse
12:10 Feudal Age
21:39 Castle Age
21:07 Bloodlines
21:27 Double-Bit Axe
22:45 Gold Mining
28:23 Horse Collar
31:57 Heavy Plow
33:08 Padded Archer Armor
39:00 Imperial Age
37:06 Scale Mail Armor
37:17 Forging
Connection lost

Rejoining the realm…

Still unreachable

The connection could not be restored.

Session expired

The server has moved on; the page needs a fresh start.